 Dungeon Crawl Stone Soup version 0.16-a0-4013-gd591273 (webtiles) character file.

50158 dysrexia the Severer (level 14, -7/145 HPs)
             Began as a Deep Dwarf Fighter on Feb 16, 2015.
             Was the Champion of Makhleb.
             Mangled by a bone dragon (19 damage)
             ... on level 1 of the Abyss.
             The game lasted 01:28:48 (13304 turns).

dysrexia the Severer (Deep Dwarf Fighter)          Turns: 13304, Time: 01:28:49

Health: -7/145     AC: 18    Str: 25    XL:     14   Next: 18%
Magic:  14/14      EV:  8    Int: 11    God:    Makhleb [******]
Gold:   1507       SH: 10    Dex: 17    Spells: 0 memorised, 13 levels left

rFire  . . .     SeeInvis .     M - +1 broad axe (flame)
rCold  + + .     Clarity  .     D - +4 ring mail of Amorality {rN++ Dex+4 Slay+2}
rNeg   + + +     SustAb   .     c - +0 shield
rPois  .         Gourm    .     G - +0 helmet
rElec  .         Spirit   .     p - +2 cloak
rCorr  .         Warding  +     J - +0 pair of gloves
rMut   .         Stasis   .     (no boots)
MR     ++...                    n - amulet of warding
Stlth  +.........               w - ring of protection from cold
                                B - ring of the Fifty Deaths {+Fly rC+ Str+3}

@: about to teleport, non-regenerating, very resistant to hostile enchantments,
very unstealthy
A: damage resistance, recharge devices, negative energy resistance 1, sense
surroundings 2, slow healing 3
a: Device Recharging, Minor Destruction, Lesser Servant of Makhleb, Major
Destruction, Greater Servant of Makhleb, Renounce Religion, Evoke Flight


You were on level 1 of the Abyss.
You worshipped Makhleb.
Makhleb was exalted by your worship.
You were near starving.

You visited 3 branches of the dungeon, and saw 19 of its levels.
You visited the Abyss 1 time.
You also visited: Sewer.

You collected 1507 gold pieces.

Inventory:

Hand weapons
 M - a +1 broad axe of flaming (weapon)
Missiles
 A - 23 stones (quivered)
Armour
 c - a +0 shield (worn)
 p - a +2 cloak (worn)
 D - the +4 ring mail of Amorality (worn) {rN++ Dex+4 Slay+2}
   (You found it on level 5 of the Dungeon)

   It affects your dexterity (+4).
   It affects your accuracy and damage with ranged weapons and melee attacks
   (+2).
   It greatly protects you from negative energy.
 G - a +0 helmet (worn)
 J - a +0 pair of gloves (worn)
Jewellery
 e - an uncursed ring of fire
 n - an amulet of warding (around neck)
 w - a ring of protection from cold (right hand)
 B - the ring of the Fifty Deaths (left hand) {+Fly rC+ Str+3}
   (You found it on level 4 of the Dungeon)

   [ring of flight]

   It affects your strength (+3).
   It protects you from cold.
   It lets you fly.
 K - a cursed -2 ring of strength {unknown}
Magical devices
 b - a wand of fire (4)
 d - a wand of heal wounds (0)
 g - a wand of draining (5)
 h - a wand of lightning (6)
 E - a wand of polymorph (13)
 H - a wand of invisibility (4)
Scrolls
 a - a scroll of vulnerability
 l - 8 scrolls of teleportation
 v - 3 scrolls of recharging
 x - 5 scrolls of fog
 y - 2 scrolls of magic mapping
 z - a scroll of fear
 C - 6 scrolls of identify
 I - 5 scrolls of remove curse
 O - a scroll of amnesia
Potions
 i - a potion of might
 j - a potion of degeneration
 o - 2 potions of resistance
 r - 11 potions of curing
 s - 3 potions of flight
 t - a potion of agility
 u - 2 potions of brilliance
 F - a potion of poison {unknown}
 N - 3 potions of berserk rage
 T - 2 potions of cancellation
 Y - a potion of haste
Books
 q - a book of Conjurations

   Spells                             Type                      Level
   a - Magic Dart                     Conjuration                  1
   b - Searing Ray                    Conjuration                  2
   c - Dazzling Spray                 Conjuration/Hexes            3
   d - Fulminant Prism                Conjuration/Hexes            4
   e - Iskenderun's Mystic Blast      Conjuration                  4
   f - Iskenderun's Battlesphere      Conjuration/Charms           5
Miscellaneous
 L - a disc of storms
 X - a sack of spiders
Comestibles
 f - 12 bread rations
 k - 8 beef jerkies
 m - 7 meat rations
 P - 9 fruits


   Skills:
 * Level 14.8 Fighting
 * Level 16.8 Axes
 * Level 11.1 Armour
 - Level 3.2 Shields
 + Level 0.3 Invocations


You had 13 spell levels left.
You didn't know any spells.

Dungeon Overview and Level Annotations

Branches:
Dungeon (10/15)            Temple (1/1) D:6            Lair (8/8) D:8
 Shoals (0/5) Lair:3        Snake (0/5) Lair:6        Slime (0/6) Lair:7
    Orc: D:9-12

Altars:
Ashenzari
Cheibriados
Gozag
Kikubaaqudgha
Makhleb
Nemelex Xobeh
Qazlal
Ru
Sif Muna
Yredelemnul
Jiyva

Annotations:
D:10 Joseph


Innate Abilities, Weirdness & Mutations

You are resistant to damage.
You can recharge devices by infusing magical energy.
You resist negative energy.
You passively map the area around you.
You do not heal naturally.


Message History

The bone dragon bites you but does no damage.
The bone dragon claws you.
* * * LOW HITPOINT WARNING * * *
You block the bone dragon's attack.
You hit the bone dragon but do no damage.
The bone dragon is heavily damaged.
The bone dragon bites you!
* * * LOW HITPOINT WARNING * * *
The bone dragon closely misses you. The bone dragon barely misses you.
You slash the bone dragon! You burn the bone dragon.
The bone dragon is heavily damaged.
You block the bone dragon's attack. The bone dragon claws you.
* * * LOW HITPOINT WARNING * * *
The bone dragon tramples you!
* * * LOW HITPOINT WARNING * * *
You hold your ground!
You slash the bone dragon!
The bone dragon is severely damaged.
The bone dragon bites you!!
You die...

#. . . ##... ...
..## ...# .... .
...### ..
###.......#.. ###
.#...... ...#
#@#........... ..#
#.D........... ..#
##..........!X.# .
#.....##..# #..
##.#..#..# . . .
#.....#.#####.....
.. . .. ยง#..#
#.#. > ... #.. .
....## ... ...# .
#


You could see a bone dragon.

Vanquished Creatures
  A tentacled starspawn (Abyss:1)
  Snorg (Lair:7)
  Fannar (Lair:6)
  2 hydras
  An ice dragon (Lair:4)
  A wretched star (Abyss:1)
  A catoblepas (Lair:8)
  3 large abominations (Abyss:1)
  2 ice devils (Abyss:1)
  2 wolf spiders (Lair:8)
  A griffon (Lair:8)
  A worldbinder (Abyss:1)
  A hornet (Lair:8)
  5 elephants (Lair:8)
  24 spiny frogs
  2 torpor snails (Lair:8)
  A guardian serpent (Lair:8)
  A smoke demon (Abyss:1)
  5 black mambas
  4 komodo dragons
  A demonic crawler (Abyss:1)
  A fire drake (Lair:4)
  A red devil (Abyss:1)
  A boulder beetle (Lair:7)
  19 blink frogs
  A wraith (D:8)
  A basilisk (Lair:4)
  2 ynoxinuls (Abyss:1)
  37 yaks
  5 hippogriffs
  Eustachio (D:8)
  A neqoxec (Abyss:1)
  3 wyverns
  2 deep elf fighters (D:8)
  Edmund (D:5)
  3 wargs (D:8)
  24 wolves
  6 porcupines
  23 water moccasins
  4 small abominations (Abyss:1)
  5 spiders (Lair:8)
  2 black bears (Lair:8)
  2 ice beasts
  6 necrophages (Lair:4)
  3 orc warriors
  2 wasps (Lair:8)
  A centaur (D:7)
  5 ogres
  A phantom (D:6)
  Sigmund (D:2)
  17 crocodiles
  14 giant frogs
  Blork the orc (D:8)
  A gnoll sergeant (D:8)
  4 big kobolds (D:9)
  3 scorpions
  7 killer bees
  A crimson imp (D:6)
  An electric eel (Lair:3)
  A giant frog zombie (D:6)
  A human zombie (D:8)
  7 hounds
  5 starcursed masses (Abyss:1)
  A wasp zombie (D:8)
  3 goliath beetles
  2 giant frog skeletons
  3 orc priests
  9 iguanas
  A jelly (D:5)
  11 orc wizards
  A quasit (D:8)
  13 worker ants
  A killer bee zombie (D:6)
  13 sheep
  Ijyb (D:2)
  A hound skeleton (D:9)
  A mummy (D:8)
  A worker ant zombie (D:6)
  9 gnolls
  27 adders
  53 river rats
  A shadow imp (D:8)
  A giant mite (D:4)
  A white imp (Abyss:1)
  4 worms
  8 ufetubi (Abyss:1)
  An adder skeleton (D:4)
  An adder zombie (D:5)
  4 giant geckos
  2 oozes
  12 orcs
  A bat zombie (D:8)
  A giant cockroach (D:8)
  14 hobgoblins
  5 jackals (Lair:8)
  30 kobolds
  15 ball pythons
  8 bats
  8 giant newts
  11 goblins
  A jackal skeleton (D:8)
  12 quokkas
  36 rats
  2 ballistomycetes (D:9)
  6 fungi
  9 plants
  A starspawn tentacle (Abyss:1)
634 creatures vanquished.

Vanquished Creatures (collateral kills)
  A hydra (Lair:1)
1 creature vanquished.

Vanquished Creatures (others)
  2 smoke demons
  A giant spore (D:9)
  12 fungi (Lair:8)
  4 plants (Lair:8)
  4 starspawn tentacles (Abyss:1)
  95 starspawn tentacle segments (Abyss:1)
118 creatures vanquished.

Grand Total: 753 creatures vanquished

Notes
Turn   | Place    | Note
--------------------------------------------------------------
     0 | D:1      | dysrexia, the Deep Dwarf Fighter, began the quest for the Orb.
     0 | D:1      | Reached XP level 1. HP: 20/20 MP: 1/1
    32 | D:1      | Reached XP level 2. HP: 27/27 MP: 2/2
   276 | D:1      | Reached XP level 3. HP: 30/33 MP: 3/3
   391 | D:2      | Reached skill level 4 in Axes
   574 | D:2      | Reached XP level 4. HP: 35/40 MP: 4/4
   597 | D:2      | Found a sacrificial altar of Ru.
   627 | D:2      | Noticed Ijyb
   650 | D:2      | Killed Ijyb
   650 | D:2      | Reached skill level 5 in Axes
   718 | D:2      | Found a snail-covered altar of Cheibriados.
   830 | D:2      | Noticed Sigmund
   843 | D:2      | Killed Sigmund
   843 | D:2      | Reached skill level 6 in Axes
   843 | D:2      | Reached XP level 5. HP: 31/46 MP: 5/5
  1527 | D:4      | Reached skill level 7 in Axes
  1527 | D:4      | Reached XP level 6. HP: 29/55 MP: 6/6
  1586 | D:4      | Found a glowing drain.
  1590 | Sewer    | Entered a sewer
  1976 | Sewer    | Reached skill level 8 in Axes
  2012 | Sewer    | Reached XP level 7. HP: 43/61 MP: 7/7
  2069 | D:4      | Noticed an ogre
  2084 | D:4      | Killed an ogre
  2128 | D:4      | Reached skill level 9 in Axes
  2259 | D:4      | Noticed an ogre
  2270 | D:4      | Killed an ogre
  2280 | D:4      | Got a crude iron ring
  2332 | D:4      | Identified the ring of the Fifty Deaths {+Fly rC+ Str+3} (You found it on level 4 of the Dungeon)
  2550 | D:5      | Entered Level 5 of the Dungeon
  2557 | D:5      | Reached skill level 10 in Axes
  2811 | D:5      | Noticed Edmund
  2963 | D:5      | Got a warped ring mail
  2974 | D:5      | Identified the +4 ring mail of Amorality {rN++ Dex+4 Slay+2} (You found it on level 5 of the Dungeon)
  2995 | D:5      | Reached XP level 8. HP: 53/68 MP: 8/8
  3141 | D:5      | Killed Edmund
  3314 | D:6      | Found a staircase to the Ecumenical Temple.
  3335 | Temple   | Entered the Ecumenical Temple
  3361 | Temple   | Became a worshipper of Makhleb the Destroyer
  3448 | D:6      | Reached skill level 11 in Axes
  3578 | D:6      | Found a shattered altar of Ashenzari.
  3776 | D:6      | Acquired Makhleb's first power
  3784 | D:6      | Found a deep blue altar of Sif Muna.
  3797 | D:6      | Reached skill level 12 in Axes
  4291 | D:7      | Gained mutation: You passively map the area around you. [level up]
  4291 | D:7      | Reached XP level 9. HP: 42/74 MP: 9/9
  4421 | D:7      | Reached skill level 13 in Axes
  4473 | D:7      | Found an opulent altar of Gozag.
  4539 | D:7      | Acquired Makhleb's second power
  4898 | D:8      | Noticed Eustachio
  4901 | D:8      | Noticed Blork the orc
  4910 | D:8      | Killed Blork the orc
  4962 | D:8      | Killed Eustachio
  4962 | D:8      | Reached skill level 14 in Axes
  5228 | D:8      | Acquired Makhleb's third power
  5250 | D:8      | Reached XP level 10. HP: 52/87 MP: 10/10
  5260 | D:8      | Found a staircase to the Lair.
  5407 | D:8      | Found an ancient bone altar of Kikubaaqudgha.
  5481 | Lair:1   | Entered Level 1 of the Lair of Beasts
  5571 | Lair:1   | Reached skill level 5 in Fighting
  5723 | Lair:1   | Reached skill level 5 in Armour
  6081 | Lair:1   | Acquired Makhleb's fourth power
  6578 | Lair:2   | Noticed a four-headed hydra
  6693 | Lair:1   | Killed a four-headed hydra
  6693 | Lair:1   | Reached XP level 11. HP: 27/104 MP: 11/11
  6917 | Lair:2   | Noticed a black mamba
  6929 | Lair:2   | Killed a black mamba
  6939 | Lair:2   | Identified a scroll of acquirement
  7248 | Lair:3   | Noticed a four-headed hydra
  7256 | Lair:3   | Killed a one-headed hydra
  7305 | Lair:3   | Acquired Makhleb's fifth power
  7315 | Lair:3   | Found a staircase to the Shoals.
  7369 | Lair:3   | Reached skill level 10 in Fighting
  8140 | Lair:4   | Noticed an ice dragon
  8160 | Lair:4   | Killed an ice dragon
  8160 | Lair:4   | Reached XP level 12. HP: 36/120 MP: 12/12
  8702 | Lair:5   | Noticed a seven-headed hydra
  8718 | Lair:5   | Killed a four-headed hydra
  9619 | Lair:6   | Found a staircase to the Snake Pit.
  9630 | Lair:6   | Noticed Fannar
  9656 | Lair:6   | Killed Fannar
  9837 | Lair:7   | Noticed Snorg
  9878 | Lair:7   | Killed Snorg
  9880 | Lair:7   | Reached skill level 10 in Armour
  9917 | Lair:7   | Found a viscous altar of Jiyva.
  9918 | Lair:7   | Found a staircase to the Slime Pits.
 10226 | Lair:7   | Reached XP level 13. HP: 91/134 MP: 13/13
 10533 | Lair:8   | Entered Level 8 of the Lair of Beasts
 10625 | Lair:8   | Found a staircase to the Slime Pits.
 10807 | Lair:8   | Found a snail-covered altar of Cheibriados.
 10952 | Lair:8   | Reached skill level 15 in Axes
 11911 | Lair:8   | Reached skill level 16 in Axes
 12399 | D:9      | Found a stormy altar of Qazlal.
 12526 | D:9      | Found a sparkling altar of Nemelex Xobeh.
 12825 | D:10     | Entered Level 10 of the Dungeon
 12825 | D:10     | Noticed Joseph
 12831 | D:10     | Cast into the Abyss (Joseph)
 12962 | Abyss:1  | Noticed a starcursed mass
 12968 | Abyss:1  | Noticed a starcursed mass
 12969 | Abyss:1  | Noticed a revenant
 12973 | Abyss:1  | Paralysed by accursed screaming for 1 turns
 12978 | Abyss:1  | Paralysed by accursed screaming for 2 turns
 12983 | Abyss:1  | Paralysed by accursed screaming for 2 turns
 12991 | Abyss:1  | Killed a starcursed mass
 12991 | Abyss:1  | Gained mutation: You resist negative energy. [level up]
 12991 | Abyss:1  | Reached XP level 14. HP: 110/145 MP: 14/14
 12993 | Abyss:1  | Killed a starcursed mass
 12993 | Abyss:1  | Killed a starcursed mass
 12993 | Abyss:1  | Killed a starcursed mass
 12993 | Abyss:1  | Killed a starcursed mass
 13179 | Abyss:1  | Noticed a tentacled starspawn
 13199 | Abyss:1  | Killed a tentacled starspawn
 13216 | Abyss:1  | Found a corrupted altar of Lugonu.
 13217 | Abyss:1  | Noticed a bone dragon
 13304 | Abyss:1  | Mangled by a bone dragon

Action                   |  1- 3 |  4- 6 |  7- 9 | 10-12 | 13-15 || total
-------------------------+-------+-------+-------+-------+-------++-------
Melee: War axe           |    79 |   300 |   420 |   176 |       ||   975
       Battleaxe         |       |       |       |    71 |       ||    71
       Broad axe         |       |       |       |   457 |   521 ||   978
Throw: Throwing net      |       |     1 |     1 |       |       ||     2
       Stone             |       |       |     1 |     3 |       ||     4
Invok: Lesser Servant of |       |       |       |     2 |       ||     2
Evoke: Wand              |       |     3 |     7 |     8 |     6 ||    24
  Use: Potion            |       |     1 |     1 |     5 |     3 ||    10
       Scroll            |       |    14 |     4 |    14 |     8 ||    40
 Stab: Held in net/web   |       |       |     2 |       |       ||     2
  Eat: Chunk             |       |     4 |    10 |    14 |     6 ||    34
       Fruit             |       |       |       |     1 |     2 ||     3
       Beef jerky        |       |       |       |     1 |       ||     1
       Royal jelly       |       |       |       |     1 |     1 ||     2
